 Dungeon Crawl Stone Soup version 0.22-a0-247-gbddf880 (webtiles) character file.

177 MatthieuS the Twirler (level 5, -3/41 HPs)
             Began as a Human Gladiator on Feb 27, 2018.
             Killed from afar by an orc wizard (10 damage)
             ... with a magic dart
             ... on level 3 of the Dungeon.
             The game lasted 00:07:10 (2432 turns).

MatthieuS the Twirler (Human Gladiator)             Turns: 2432, Time: 00:07:11

Health: -3/41      AC:  7    Str: 16    XL:     5   Next: 87%
Magic:  5/5        EV: 12    Int:  8    God:
Gold:   135        SH:  0    Dex: 14    Spells: 0/4 levels left

rFire    . . .     SeeInvis .   a - +0 quarterstaff
rCold    . . .     Gourm    .   (shield currently unavailable)
rNeg     . . .     Faith    .   i - +0 ring mail
rPois    .         Spirit   .   e - +0 helmet
rElec    .         Reflect  .   (no cloak)
rCorr    .         Harm     .   r - +0 pair of gloves
MR       .....                  (no boots)
Stlth    +.........             (no amulet)
HPRegen  0.13/turn              (no ring)
MPRegen  0.09/turn              (no ring)

@: no status effects
A: no striking features
a: no special abilities


You were on level 3 of the Dungeon.
You were not hungry.

You visited 1 branch of the dungeon, and saw 4 of its levels.

You collected 135 gold pieces.

Inventory:

Hand Weapons
 a - a +0 quarterstaff (weapon)
 g - a +0 dagger of venom
Missiles
 d - 3 throwing nets (quivered)
 o - 31 arrows
Armour
 b - a +0 leather armour
 e - a +0 helmet (worn)
 i - a +0 ring mail (worn)
 r - a +0 pair of gloves (worn)
Magical Staves
 c - an uncursed staff of poison
Wands
 p - a wand of random effects (42)
Scrolls
 j - a scroll of enchant armour
Comestibles
 f - 3 rations


   Skills:
 + Level 3.0 Fighting
 * Level 4.6 Staves
 - Level 2.0 Throwing
 + Level 1.6 Armour
 + Level 3.8 Dodging


You couldn't memorise any spells.
You knew the following spells:

 Your Spells              Type           Power        Failure   Level  Hunger
a - Blink                 Tloc           N/A          77%         2    ###....
b - Slow                  Hex            #.......     77%         2    ###....


Dungeon Overview and Level Annotations

Branches:
Dungeon (4/15)
 Temple: D:4-7

Altars:
Kikubaaqudgha
Trog

Annotations:
D:3 Sigmund


Message History

The orc wizard is severely wounded.
The orc wizard casts a spell at you. The magic dart hits you!
* * * LOW HITPOINT WARNING * * *
You barely miss the orc wizard.
The orc wizard is severely wounded.
The orc wizard hits you with a dagger.
* * * LOW HITPOINT WARNING * * *
The orc wizard hits you with a dagger.
* * * LOW HITPOINT WARNING * * *
You hit the orc wizard but do no damage.
The orc wizard is severely wounded.
The orc wizard hits you with a dagger.
* * * LOW HITPOINT WARNING * * *
You barely miss the orc wizard.
The orc wizard is severely wounded.
The orc wizard barely misses you.
The orc wizard points at you and mumbles some strange words.
The magic dart hits you!
You die...

#..# #.....# #..#
#.....######## #..#
#.............
###..#########.....########
#..................#
#..#.##########)####
#...#.## ##)##
#._.##.#######K..##
########
#...###.....@ooo..#
#.......
##.###.#######o...#
#.###### ##.#.##
##.#.####.###### ##.##
#.>............ ###
###############


You could see an orc wizard, 3 orcs and a kobold.

Vanquished Creatures
  An orc priest (D:3)
  2 orc wizards (D:3)
  Robin (D:4)
  An adder (D:2)
  A worm (D:2)
  A leopard gecko (D:3)
  6 orcs (D:3)
  A ball python (D:4)
  5 bats
  2 giant cockroaches (D:1)
  15 goblins
  7 hobgoblins
  4 jackals (D:1)
  2 frilled lizards (D:2)
  5 kobolds
  7 rats
61 creatures vanquished.

Notes
Turn   | Place    | Note
-------+----------+-------------------------------------------
     0 | D:1      | MatthieuS the Human Gladiator began the quest for the Orb.
     0 | D:1      | Reached XP level 1. HP: 16/16 MP: 1/1
   221 | D:1      | Reached XP level 2. HP: 15/22 MP: 2/2
   359 | D:1      | Reached XP level 3. HP: 24/27 MP: 3/3
  1389 | D:3      | Noticed Sigmund
  1409 | D:3      | Reached XP level 4. HP: 32/34 MP: 4/4
  1415 | D:3      | Reached skill level 4 in Staves
  1779 | D:3      | Reached skill level 1 in Armour
  1847 | D:3      | Reached XP level 5. HP: 34/40 MP: 5/5
  1848 | D:3      | Found an ancient bone altar of Kikubaaqudgha.
  2073 | D:3      | Learned a level 2 spell: Blink
  2076 | D:3      | Learned a level 2 spell: Slow
  2107 | D:3      | Noticed Robin
  2174 | D:4      | Killed Robin
  2380 | D:3      | Found a bloodstained altar of Trog.
  2432 | D:3      | Killed from afar by an orc wizard

Vault maps used:
D:1:      matt_arrival_spirals
D:3:      kiku_gazebo_pond_becter, st_stairs_9, bloody_trog, uniq_sigmund,
          uniq_robin
D:4:      serial_shops, shop, shop, shop_fountains, minivault_26

Skill      XL: |  1  2  3  4  5 |
---------------+----------------+-----
Staves         | 4 |  4.6
Armour         | 1 |  1.6
Fighting       | 3 |  3.0
Throwing       | |  2.0
Dodging        | |  3.8

Action                   |  1- 3 |  4- 6 || total
-------------------------+-------+-------++-------
Melee: Quarterstaff      |    83 |    89 ||   172
       Dagger            |    19 |     6 ||    25
  Use: Potion            |     6 |       ||     6
       Scroll            |       |     6 ||     6
  Eat: Chunk             |     2 |       ||     2
       Ration            |       |     1 ||     1
Armor: Leather armour    |    31 |    31 ||    62
       Skin              |    24 |    29 ||    53
       Ring mail         |       |     2 ||     2
Dodge: Dodged            |    75 |   107 ||   182

Table legend:
 A = Spawn XP
 B = Non-spawn XP
 C = Spawn XP percentage of total XP
 D = Spawn monster count
 E = Non-spawn monster count
 F = Spawn count percentage of total count
 G = Total turns spent on level
                    A         B        C        D         E        F      G
               +---------+---------+-------+---------+---------+-------+---------
         Total |       0 |     253 |   0.0 |       0 |      61 |   0.0 |  2432
               +---------+---------+-------+---------+---------+-------+---------
           D:1 |       0 |      33 |   0.0 |       0 |      19 |   0.0 |   770
           D:2 |       0 |      27 |   0.0 |       0 |       8 |   0.0 |   863
           D:3 |       0 |     166 |   0.0 |       0 |      27 |   0.0 |   611
           D:4 |       0 |      27 |   0.0 |       0 |       7 |   0.0 |   188
               +---------+---------+-------+---------+---------+-------+---------
